 Dungeon Crawl Stone Soup version 0.21.1-1-g345015fe64 (webtiles) character file.

129 Naru the Chopper (level 5, -2/70 HPs)
             Began as a Hill Orc Monk on June 20, 2018.
             Slain by mitkoXXVII's ghost (3 damage)
             ... on level 3 of the Dungeon.
             The game lasted 00:05:01 (2065 turns).

Naru the Chopper (Hill Orc Monk)                    Turns: 2065, Time: 00:05:01

Health: -2/70      AC: 22    Str: 14    XL:     5   Next: 12%
Magic:  5/5        EV:  2    Int: 11    God:
Gold:   120        SH:  3    Dex: 13    Spells: 4/4 levels left

rFire    . . .     SeeInvis .   a - +0 hand axe
rCold    . . .     Gourm    .   p - +0 buckler
rNeg     + + +     Faith    .   (armour currently unavailable)
rPois    +         Spirit   .   (helmet currently unavailable)
rElec    .         Reflect  .   (cloak currently unavailable)
rCorr    .         Harm     .   (gloves currently unavailable)
MR       .....     NoTele   +   (boots currently unavailable)
Stlth    ++........             r - amulet of magic regeneration
HPRegen  0.21/turn              (no ring)
MPRegen  0.34/turn              (no ring)

@: tree-form
A: no striking features
a: no special abilities


You were on level 3 of the Dungeon.
You were not hungry.
You were a tree.
You visited 1 branch of the dungeon, and saw 3 of its levels.

You collected 120 gold pieces.

Inventory:

Hand Weapons
 a - a +0 hand axe (weapon)
 m - a +0 spear of piercing
Armour
 b - a cursed +0 ring mail
 d - a +0 helmet (melded)
 e - a +1 pair of boots (melded)
 f - a +0 ring mail of cold resistance (melded)
 p - a +0 buckler (worn)
 x - a scarf of repulsion (melded)
Jewellery
 r - an amulet of magic regeneration (around neck)
Scrolls
 g - a scroll of magic mapping {unknown}
Potions
 h - a potion of degeneration
 k - a potion of curing
 l - 2 potions of lignification
 q - a potion of magic {unknown}
Comestibles
 c - 5 rations


   Skills:
 * Level 4.9 Fighting
 * Level 5.7 Axes
 + Level 0.8 Armour
 + Level 2.8 Dodging
 - Level 1.5 Stealth
 * Level 0.6 Shields


You had 4 spell levels left.
You didn't know any spells.

Dungeon Overview and Level Annotations

Branches:
Dungeon (3/15)

Altars:
Nemelex Xobeh
Xom

Annotations:
D:3 Grinder; mitkoXXVII's ghost, amateur HOFi


Message History

MitkoXXVII's ghost is moderately damaged.
MitkoXXVII's ghost hits you.
You are electrocuted!
Your shield prevents you from hitting mitkoXXVII's ghost.
MitkoXXVII's ghost is moderately damaged.
MitkoXXVII's ghost hits you but does no damage.
You are electrocuted!
* * * LOW HITPOINT WARNING * * *
You hit mitkoXXVII's ghost but do no damage.
MitkoXXVII's ghost is moderately damaged.
You block mitkoXXVII's ghost's attack.
Unknown command.
You turn into a tree.
Your scarf of repulsion melds into your body.
Your +0 helmet melds into your body.
Your +1 pair of boots melds into your body.
Your +0 ring mail of cold resistance melds into your body.
The haze of the repulsion field disappears.
You feel less resistant to cold.
Your roots penetrate the ground.
MitkoXXVII's ghost hits you.
You die...

##############
#.............
#.............
#.....W.......
#.....♣.......
#.............
#........(....
#.............
#.............
#.............
#....(........
#.............
#...........


You could see mitkoXXVII's ghost.

Vanquished Creatures
  A worker ant (D:2)
  A gnoll (D:1)
  4 adders
  2 oozes (D:3)
  A dart slug (D:1)
  3 leopard geckos
  An orc (D:3)
  5 bats
  A giant cockroach (D:1)
  7 goblins
  4 hobgoblins
  5 jackals
  3 kobolds
  2 frilled lizards
  8 rats
48 creatures vanquished.

Notes
Turn   | Place    | Note
-------+----------+-------------------------------------------
     0 | D:1      | Naru the Hill Orc Monk began the quest for the Orb.
     0 | D:1      | Reached XP level 1. HP: 19/19 MP: 1/1
    88 | D:1      | Reached XP level 2. HP: 17/27 MP: 2/2
   326 | D:1      | Reached XP level 3. HP: 31/34 MP: 3/3
   741 | D:2      | Found a shimmering altar of Xom.
   930 | D:2      | Reached skill level 5 in Axes
   930 | D:2      | Reached XP level 4. HP: 14/41 MP: 4/4
  1526 | D:3      | Noticed Grinder
  1845 | D:3      | Found a sparkling altar of Nemelex Xobeh.
  1856 | D:3      | Reached XP level 5. HP: 45/47 MP: 5/5
  2047 | D:3      | Noticed mitkoXXVII's ghost (amateur HOFi)
  2063 | D:3      | HP: 1/47 [mitkoXXVII's ghost (19)]
  2065 | D:3      | Slain by mitkoXXVII's ghost

Skill      XL: |  1  2  3 |
---------------+----------+-----
Fighting       | 4 |  4.9
Axes           | 5 |  5.7
Armour         | |  0.8
Dodging        | |  2.8
Stealth        | |  1.5
Shields        | |  0.6

Action                   |  1- 3 |  4- 6 || total
-------------------------+-------+-------++-------
Melee: Hand axe          |   101 |    89 ||   190
  Use: Scroll            |       |    10 ||    10
       Potion            |       |     1 ||     1
 Stab: Sleeping          |     2 |       ||     2
  Eat: Ration            |       |     1 ||     1
Armor: Chain mail        |    13 |       ||    13
       Robe              |     1 |       ||     1
       Ring mail         |    26 |    38 ||    64
Dodge: Dodged            |    55 |    51 ||   106
Block: Buckler           |     1 |    12 ||    13
